 Dungeon Crawl Stone Soup version 0.21-a0-203-gb066a6e (webtiles) character file.

60895 Helio the Unseen (level 14, -13/74 HPs)
             Began as a Spriggan Enchanter on Aug 19, 2017.
             Was a High Priest of Dithmenos.
             Mangled by a black mamba (19 damage)
             ... on level 6 of the Lair of Beasts.
             The game lasted 01:06:41 (31424 turns).

Helio the Unseen (Spriggan Enchanter)              Turns: 31424, Time: 01:06:42

Health: -13/74     AC:  5    Str: 12    XL:     14   Next: 58%
Magic:  23/31      EV: 30    Int: 23    God:    Dithmenos [*****.]
Gold:   1563       SH:  0    Dex: 16    Spells: 21/38 levels left

rFire    + + .     SeeInvis +   C - +4 rapier (venom)
rCold    + . .     Gourm    .   (shield restricted)
rNeg     . . .     Faith    .   X - +2 robe {rF+}
rPois    +         Spirit   .   z - +2 hat {SInv}
rElec    +         Reflect  .   l - +2 cloak
rCorr    +         Harm     .   (gloves unavailable)
MR       ++...                  (boots unavailable)
Stlth    ++++++++++             (no amulet)
HPRegen  0.22/turn              s - +4 ring of intelligence
MPRegen  0.22/turn              m - +5 ring of strength

@: resistant, corroded, wreathed by umbra, very quick
A: unfitting armour, see invisible, herbivore 3, speed 3, slow metabolism 2
a: Shadow Step, Shadow Form, Renounce Religion


You were on level 6 of the Lair of Beasts.
You worshipped Dithmenos.
Dithmenos was extremely pleased with you.
You were not hungry.

You visited 3 branches of the dungeon, and saw 21 of its levels.

You collected 1577 gold pieces.
You spent 14 gold pieces at shops.

Inventory:

Hand Weapons
 p - a +3 dagger
 q - a +2 short sword of holy wrath
 r - the +7 rapier of the Everdark {vamp, rPois rF- MP+9}
   (You found it on level 3 of the Lair of Beasts)

   It inflicts no extra harm, but heals its wielder when it wounds a living foe.
   It makes you vulnerable to fire.
   It protects you from poison.
   It affects your magic capacity (+9).
 C - a +4 rapier of venom (weapon)
 Q - a +1 dagger of electrocution
 R - a +1 dagger of distortion
Missiles
 x - a throwing net (quivered)
Armour
 l - a +2 cloak (worn)
 z - a +2 hat of see invisible (worn)
 X - a +2 robe of fire resistance (worn)
Jewellery
 i - a +6 ring of dexterity
 m - a +5 ring of strength (right hand)
 s - a +4 ring of intelligence (left hand)
Wands
 a - a wand of paralysis (7/24)
 u - a wand of digging (22/24)
 y - a wand of acid (7/15)
 D - a wand of disintegration (7/24)
 H - a wand of lightning (5/15)
 M - a wand of polymorph (14/24)
 P - a wand of acid (10/15)
 S - a wand of digging (9/24)
 T - a wand of iceblast (4/15)
 U - a wand of lightning (6/15)
 Y - a wand of iceblast (9/15)
Scrolls
 c - a scroll of identify
 e - 7 scrolls of teleportation
 j - a scroll of vulnerability
 k - 5 scrolls of fear
 o - a scroll of enchant armour
 v - 3 scrolls of amnesia
 w - 6 scrolls of remove curse
 K - a scroll of magic mapping
 V - a scroll of recharging
Potions
 b - 2 potions of might
 f - a potion of ambrosia
 g - 3 potions of magic
 h - 8 potions of curing
 n - 3 potions of flight
 A - a potion of resistance
 B - 3 potions of lignification
 E - a potion of mutation
 G - a potion of heal wounds
 I - 3 potions of agility
 J - a potion of cancellation
 L - 2 potions of brilliance
 N - 2 potions of haste
 O - a potion of invisibility
 W - a potion of berserk rage
Books
 t - a book of Clouds

   Spells                             Type                      Level
   a - Poisonous Vapours              Poison/Air                   2
   b - Mephitic Cloud                 Conjuration/Poison/Air       3
   c - Conjure Flame                  Conjuration/Fire             3
   d - Freezing Cloud                 Conjuration/Ice/Air          6
   e - Ring of Flames                 Charms/Fire                  7
 F - a book of the Earth

   Spells                             Type                      Level
   a - Leda's Liquefaction            Hexes/Earth                  4
   b - Bolt of Magma                  Conjuration/Fire/Earth       5
   c - Statue Form                    Transmutation/Earth          6
   d - Iron Shot                      Conjuration/Earth            6
   e - Shatter                        Earth                        9
Comestibles
 d - 10 bread rations


   Skills:
 + Level 8.6 Fighting
 + Level 10.9 Short Blades
 + Level 14.0 Dodging
 + Level 18.5 Stealth
 + Level 12.8 Spellcasting
 + Level 12.8 Hexes


You had 21 spell levels left.
You knew the following spells:

 Your Spells              Type           Power        Failure   Level  Hunger
a - Ensorcelled Hibernat  Hex/Ice        #####.       1%          2    None
b - Corona                Hex            ######.      1%          1    None
c - Confuse               Hex            ######..     1%          3    None
d - Tukima's Dance        Hex            ######..     1%          3    None
e - Dazzling Spray        Conj/Hex       #####.       1%          3    None
f - Passwall              Tmut/Erth      ##........   6%          2    None
g - Spectral Weapon       Hex/Chrm       #####...     1%          3    None


Dungeon Overview and Level Annotations

Branches:
Dungeon (14/15)            Temple (1/1) D:6            Lair (6/6) D:8
  Swamp (0/4) Lair:2       Spider (0/4) Lair:3        Slime (0/5) Lair:6
    Orc (0/2) D:11         Vaults (0/5) D:14

Altars:
Ashenzari
Cheibriados
Dithmenos
Elyvilon
Fedhas
Gozag
Hepliaklqana
Kikubaaqudgha
Makhleb
Nemelex Xobeh
Okawaru
Qazlal
Ru
Sif Muna
Trog
Uskayaw
Vehumet
Wu Jian
Xom
Yredelemnul
Zin
The Shining One
Lugonu

Shops:
D:8 (%   D:11 ?

Annotations:
Lair:6 exclusions: 3 doors and 3 oklob plants


Innate Abilities, Weirdness & Mutations

You are very small and have problems with some larger weapons.
You are too small for most types of armour.
You have supernaturally acute eyesight. (SInv)
You are a herbivore.
You cover ground extremely quickly.
You need consume almost no food.


Message History

The spiny frog misses you. The yak completely misses you.
The black mamba completely misses you. The hell rat completely misses you.
Unknown command.
You hit the oklob plant but do no damage.
The oklob plant is poisoned.
The crocodile completely misses you. The black mamba closely misses you.
The spiny frog closely misses you.
Unknown command.
You hit the oklob plant but do no damage.
Your shadow hits the oklob plant but does no damage.
The hell rat bites you!
* * * LOW HITPOINT WARNING * * *
The yak misses you. The black mamba bites you!
* * * LOW HITPOINT WARNING * * *
The crocodile completely misses you.
You catch the helpless oklob plant completely off-guard!
You impale the oklob plant!!
The oklob plant is severely damaged.
Your shadow hits the oklob plant but does no damage.
The black mamba bites you!!
You die...

.P...............................
P##....##.#.#...P..P..PP#.#..###.
############....##.#########P# #.
###...#.# ### ## #......##
#.......#


*#PPPPP## #P..t.# #.F@r.# #$YPS.# #.$S%.# #P$..?# ####### You could see 3 oklob
plants, a black mamba, a yak, a spiny frog, a water moccasin, a crocodile and a
hell rat.

Vanquished Creatures
  Rupert (D:13)
  Gastronok (Lair:3)
  4 hydras
  A vault guard (D:14)
  A catoblepas (D:13)
  7 two-headed ogres
  Sonja (Lair:2)
  An unseen horror (D:10)
  A lindwurm (Lair:6)
  A wolf spider zombie (D:13)
  2 ugly things
  A deep elf mage (D:14)
  4 oklob plants (Lair:6)
  A cyclops (D:14)
  9 elephants
  3 manticores
  Maurice (D:13)
  A rust devil (D:8)
  13 spiny frogs
  4 black mambas
  2 orange demons (D:8)
  3 gargoyles
  4 rime drakes
  7 komodo dragons
  An efreet (D:14)
  4 trolls
  9 polar bears
  8 hippogriffs
  16 blink frogs
  A hippogriff (shapeshifter) (D:14)
  2 meliai zombies
  2 shadows
  A vampire (D:14)
  42 yaks
  A water elemental (D:11)
  4 wyverns
  3 basilisks
  A steam dragon (Lair:4)
  4 hungry ghosts
  2 vampire mosquitoes (D:12)
  A soldier ant (D:13)
  Duvessa (D:5)
  8 water moccasins
  2 acid dragons
  6 porcupines
  6 orc warriors
  2 black bears
  A necrophage (D:4)
  2 ice beasts
  9 sky beasts
  2 phantoms
  An eye of draining (D:14)
  7 ogres
  10 wolves
  5 centaurs
  11 crocodiles
  A big kobold (D:8)
  A wyvern zombie (D:13)
  10 bullfrogs
  A water moccasin zombie (D:7)
  2 wyvern skeletons
  5 scorpions
  Dowan (D:5)
  8 killer bees
  16 wights
  10 howler monkeys
  A vampire bat (D:4)
  2 electric eels
  4 crimson imps
  2 quasits
  5 iron imps (D:8)
  5 centaur zombies
  10 hounds
  9 orc priests
  A gnoll shaman (D:4)
  4 centaur skeletons
  3 jellies
  5 iguanas
  10 orc wizards
  7 hell rats (Lair:4)
  12 worker ants
  A hound zombie (D:10)
  2 worker ant zombies
  7 gnolls
  10 adders
  3 oozes
  2 adder skeletons
  6 worms
  The ghost of DerAderlass the Firebug, a weakling DrFE (D:3)
  A dart slug (D:2)
  3 leopard geckos
  34 orcs
  18 bats
  7 giant cockroaches
  8 goblins
  7 hobgoblins
  13 jackals
  A quokka (D:6)
  2 ball pythons (D:3)
  4 frilled lizards
  11 kobolds
  8 rats
533 creatures vanquished.

Vanquished Creatures (collateral kills)
  An unseen horror (D:10)
  2 gnolls (D:8)
3 creatures vanquished.

Vanquished Creatures (others)
  2 dancing weapons (D:4)
  6 fungi
  3 plants
11 creatures vanquished.

Grand Total: 547 creatures vanquished

Notes
Turn   | Place    | Note
-------+----------+-------------------------------------------
     0 | D:1      | Helio the Spriggan Enchanter began the quest for the Orb.
     0 | D:1      | Reached XP level 1. HP: 9/9 MP: 5/5
   474 | D:2      | Reached XP level 2. HP: 13/13 MP: 7/7
   483 | D:2      | Learned a level 2 spell: Ensorcelled Hibernation
  1112 | D:2      | Reached XP level 3. HP: 12/16 MP: 1/9
  1117 | D:2      | Learned a level 3 spell: Confuse
  1121 | D:2      | Learned a level 3 spell: Tukima's Dance
  1183 | D:2      | Found a sacrificial altar of Ru.
  1608 | D:1      | Reached XP level 4. HP: 18/21 MP: 8/11
  1666 | D:1      | Reached skill level 5 in Hexes
  3342 | D:3      | Found a radiant altar of Vehumet.
  3349 | D:3      | Found a blossoming altar of Fedhas.
  3349 | D:3      | Found a shimmering altar of Xom.
  3353 | D:3      | Found a basalt altar of Yredelemnul.
  3354 | D:3      | Found a hide-covered altar of Uskayaw.
  3670 | D:3      | Reached XP level 5. HP: 10/24 MP: 3/13
  4102 | D:3      | Noticed DerAderlass's ghost (weakling DrFE)
  4117 | D:3      | Killed DerAderlass's ghost
  4157 | D:3      | Found a deep blue altar of Sif Muna.
  4231 | D:4      | Reached skill level 5 in Spellcasting
  4258 | D:4      | Noticed a necrophage
  4577 | D:4      | Killed a necrophage
  4577 | D:4      | Reached skill level 6 in Stealth
  4577 | D:4      | Reached XP level 6. HP: 19/27 MP: 12/14
  4726 | D:4      | Found an opulent altar of Gozag.
  4865 | D:4      | Learned a level 3 spell: Dazzling Spray
  4922 | D:4      | Reached skill level 7 in Stealth
  5067 | D:4      | Reached skill level 8 in Stealth
  5449 | D:5      | Entered Level 5 of the Dungeon
  5460 | D:4      | Reached skill level 9 in Stealth
  5497 | D:4      | Reached XP level 7. HP: 20/31 MP: 2/15
  5771 | D:4      | Found a blossoming altar of Fedhas.
  5929 | D:4      | Reached skill level 10 in Stealth
  6115 | D:5      | Noticed Duvessa
  6497 | D:5      | Reached skill level 11 in Stealth
  6566 | D:5      | Noticed Dowan
  7106 | D:5      | Killed Dowan
  7106 | D:5      | Reached skill level 12 in Stealth
  7113 | D:5      | Got a faintly humming cloak
  7114 | D:5      | Identified the +2 cloak of Yredelemnul's Hope {+Blink rCorr Dex-3} (You found it on level 5 of the Dungeon)
  7459 | D:4      | Reached XP level 8. HP: 35/35 MP: 11/16
  7623 | D:5      | Killed Duvessa
  7658 | D:5      | Reached skill level 13 in Stealth
  8376 | D:5      | Reached skill level 1 in Fighting
  8927 | D:6      | Found a staircase to the Ecumenical Temple.
  8942 | Temple   | Entered the Ecumenical Temple
  8980 | Temple   | Became a worshipper of Dithmenos the Shadowed
  9162 | D:6      | Reached XP level 9. HP: 38/41 MP: 14/19
  9423 | D:6      | Reached skill level 5 in Dodging
  9588 | D:6      | Found a hazy altar of Hepliaklqana.
 10478 | D:7      | Found an ornate altar of the Wu Jian Council.
 10876 | D:8      | Noticed a two-headed ogre
 10892 | D:8      | Killed a two-headed ogre
 10892 | D:8      | Reached skill level 14 in Stealth
 11310 | D:8      | Reached * piety under Dithmenos
 11319 | D:8      | Found a staircase to the Lair.
 11382 | D:8      | Found Uway's Food Boutique.
 11502 | D:8      | Found a stormy altar of Qazlal.
 11582 | D:8      | Found Okizes's Weapon Shop.
 11605 | D:8      | Noticed an orange demon
 11607 | D:8      | Found a corrupted altar of Lugonu.
 11608 | D:8      | Noticed an orange demon
 11609 | D:8      | Noticed a rust devil
 11609 | D:8      | Reached XP level 10. HP: 48/48 MP: 18/22
 11610 | D:8      | Killed an orange demon
 11615 | D:8      | Killed a rust devil
 11615 | D:8      | Reached skill level 5 in Short Blades
 11746 | D:8      | Killed an orange demon
 11953 | D:8      | Noticed a two-headed ogre
 11960 | D:8      | Killed a two-headed ogre
 12581 | D:9      | Noticed a two-headed ogre
 12629 | D:9      | Killed a two-headed ogre
 13012 | D:9      | Reached ** piety under Dithmenos
 13019 | D:9      | Reached skill level 15 in Stealth
 13368 | D:10     | Entered Level 10 of the Dungeon
 13494 | D:10     | Reached XP level 11. HP: 23/54 MP: 10/24
 14049 | D:10     | Noticed a two-headed ogre
 14053 | D:10     | Killed a two-headed ogre
 14089 | D:10     | Noticed an unseen horror
 14089 | D:10     | Noticed an unseen horror
 14096 | D:10     | Killed an unseen horror
 14162 | D:10     | Killed an unseen horror
 14162 | D:10     | Reached skill level 5 in Fighting
 14745 | D:11     | Found a staircase to the Orcish Mines.
 14778 | D:10     | Reached *** piety under Dithmenos
 14830 | D:11     | Noticed a white ugly thing
 14867 | D:10     | Reached skill level 10 in Dodging
 14926 | D:11     | Killed a purple ugly thing
 16107 | D:11     | Found Gaamu's Magic Scroll Shoppe.
 16116 | D:11     | Bought a scroll of noise for 14 gold pieces
 16658 | D:11     | Noticed a two-headed ogre
 16665 | D:11     | Noticed a two-headed ogre
 16666 | D:11     | Killed a two-headed ogre
 16666 | D:11     | Reached skill level 16 in Stealth
 16737 | D:11     | Killed a two-headed ogre
 16737 | D:11     | Reached skill level 10 in Spellcasting
 16737 | D:11     | Reached skill level 10 in Hexes
 16737 | D:11     | Reached XP level 12. HP: 60/60 MP: 24/27
 17369 | D:12     | Found a snail-covered altar of Cheibriados.
 17739 | D:12     | Reached **** piety under Dithmenos
 18251 | D:13     | Noticed a two-headed ogre
 18258 | D:13     | Killed a two-headed ogre
 18426 | D:13     | Noticed a catoblepas
 18441 | D:13     | Killed a catoblepas
 18722 | D:13     | Noticed Rupert
 18749 | D:13     | Killed Rupert
 18907 | D:13     | Noticed Maurice
 18925 | D:13     | Killed Maurice
 19363 | D:13     | Found Logafoph's Weapon Emporium.
 19814 | D:13     | Reached ***** piety under Dithmenos
 19889 | D:14     | Learned a level 2 spell: Passwall
 20446 | D:14     | Reached XP level 13. HP: 67/67 MP: 26/29
 20502 | D:14     | Reached skill level 17 in Stealth
 20530 | D:14     | Found a gate to the Vaults.
 21292 | Lair:1   | Entered Level 1 of the Lair of Beasts
 23376 | Lair:2   | Noticed Sonja
 23379 | Lair:2   | Killed Sonja
 23403 | Lair:2   | Reached skill level 10 in Short Blades
 23565 | Lair:2   | Learned a level 3 spell: Spectral Weapon
 23780 | Lair:2   | Found a staircase to the Swamp.
 24852 | Lair:3   | Got a smoking rapier
 24853 | Lair:3   | Identified the +7 rapier of the Everdark {vamp, rPois rF- MP+9} (You found it on level 3 of the Lair of Beasts)
 24859 | Lair:3   | Noticed Gastronok
 25174 | Lair:3   | Killed Gastronok
 25615 | Lair:3   | Found a hole to the Spider Nest.
 26287 | Lair:3   | Reached skill level 18 in Stealth
 26701 | Lair:4   | Reached XP level 14. HP: 66/73 MP: 31/31
 30037 | Lair:5   | You fall through a shaft!
 30037 | Lair:6   | Entered Level 6 of the Lair of Beasts
 30356 | Lair:6   | Found a frozen archway.
 30658 | Lair:6   | Found a staircase to the Slime Pits.
 31424 | Lair:6   | Mangled by a black mamba

Vault maps used:
D:1:      dpeg_arrival_court, kennysheep_another_room, glass_columns_a
D:2:      moated_statue, nicolae_ru_path_of_blood
D:3:      lemuel_blue_sif_altar, minitemple
D:4:      grunt_gozag_statues, first_bread, roderic_batcave,
          fedhas_altar_fruit_tree
D:5:      uniq_duvessa
D:6:      kennysheep_little_box, temple_green
D:7:      nicolae_overflow_hidden_temple
D:8:      grunt_qazlal_clouds, lair_entry_dummy, serial_shops,
          nicolae_shop_crystal, shop, grunt_ogre_cave, lemuel_hellish_altar
D:10:     hex_large, minmay_diamond_spiral
D:11:     orc_0_dummy, serial_shops, shop, nrook_pool_corridor,
          minmay_misc_feat_four_crosses, grunt_decor_cap
D:12:     cheibriados_altar_1
D:13:     serial_shops, shop, minmay_misc_feat_ornament, uniq_rupert,
          uniq_maurice
D:14:     david_vaults_5
Temple:   minmay_temple_bridge_abc
Lair:1:   grunt_megastairs_2
Lair:2:   minmay_swamp_entry_reptiles, uniq_sonja
Lair:3:   spider_nest_entry_web_field, lemuel_fruit_fields, uniq_gastronok
Lair:5:   gammafunk_lair_bear_cave
Lair:6:   due_jungle_book, minmay_slime_entry_oklob_enclosed,
          portal_ice_cave_rime, cheibrodos_lair_lostbears,
          minmay_lair_oklob_chamber

Skill      XL: |  1  2  3  4  5  6  7  8  9 10 11 12 13 14 |
---------------+-------------------------------------------+-----
Spellcasting   | 3 4 5 6 7 8 10 11 12 | 12.8
Hexes          | 4 5 6 7 8 10 11 12 | 12.8
Stealth        | 6 9 12 13 14 15 16 18 | 18.5
Fighting       | 1 3 4 5 7 8 |  8.6
Dodging        | 4 7 9 10 11 13 14 | 14.0
Short Blades   | 2 4 6 7 9 10 | 10.9

Action                   |  1- 3 |  4- 6 |  7- 9 | 10-12 | 13-15 || total
-------------------------+-------+-------+-------+-------+-------++-------
Melee: Dagger            |    84 |   284 |   284 |   312 |       ||   964
       Rapier            |       |       |       |   235 |   481 ||   716
 Cast: Corona            |     2 |       |       |       |       ||     2
       Ensorcelled Hiber |    17 |    34 |    26 |    64 |    65 ||   206
       Confuse           |       |    16 |    39 |    95 |    30 ||   180
       Tukima's Dance    |       |     3 |     2 |     1 |       ||     6
       Dazzling Spray    |       |       |     3 |    21 |    21 ||    45
Invok: Shadow Step       |       |       |       |     1 |     5 ||     6
Evoke: Wand              |       |       |     2 |       |     1 ||     3
  Use: Scroll            |     3 |     7 |     7 |    14 |    12 ||    43
       Potion            |     2 |       |       |     1 |     4 ||     7
 Stab: Sleeping          |    17 |    25 |    38 |    70 |    97 ||   247
       Distracted        |       |     1 |     1 |     4 |     3 ||     9
       Confused          |       |     4 |    17 |    55 |    20 ||    96
       Invisible         |       |       |     3 |     4 |     2 ||     9
  Eat: Bread ration      |       |     1 |       |       |     1 ||     2
       Royal jelly       |       |       |     2 |     2 |     3 ||     7
       Fruit             |       |       |     5 |     7 |     5 ||    17
Armor: Robe              |    12 |    31 |    24 |    17 |    18 ||   102
Dodge: Dodged            |    94 |   242 |   219 |   405 |   403 ||  1363
